 Dungeon Crawl Stone Soup version 0.23-b1-75-g379dba2534 (webtiles) character file.

Game seed: 17094349688193362610

3229 Nygeryga the Cleaver (level 9, 0/79 HPs)
             Began as a Minotaur Fighter on Feb 7, 2019.
             Was a Priest of Okawaru.
             Shot with an arrow by a centaur (1 damage)
             ... on level 8 of the Dungeon.
             The game lasted 00:19:30 (8828 turns).

Nygeryga the Cleaver (Minotaur Fighter)             Turns: 8828, Time: 00:19:30

Health: 0/79       AC:  9    Str: 24    XL:     9   Next: 66%
Magic:  8/8        EV:  5    Int:  5    God:    Okawaru [***...]
Gold:   348        SH: 10    Dex: 10    Spells: 8/8 levels left

rFire    . . .     SeeInvis .   t - +3 war axe (venom)
rCold    . . .     Gourm    .   c - +1 shield
rNeg     . . .     Faith    .   p - +0 chain mail
rPois    .         Spirit   .   (helmet restricted)
rElec    .         Reflect  .   (no cloak)
rCorr    .         Harm     .   (no gloves)
MR       .....                  (no boots)
Stlth    ..........             (no amulet)
HPRegen  0.23/turn              (no ring)
MPRegen  0.11/turn              (no ring)

@: no status effects
A: retaliatory headbutt, horns 2
a: Heroism, Renounce Religion


You were on level 8 of the Dungeon.
You worshipped Okawaru.
Okawaru was most pleased with you.
You were not hungry.

You visited 2 branches of the dungeon, and saw 9 of its levels.

You collected 348 gold pieces.

Inventory:

Hand Weapons
 a - a +0 flail
 t - a +3 war axe of venom (weapon)
 y - a +1 flail of protection
Armour
 b - a +0 scale mail
 c - a +1 shield (worn)
 j - a +0 ring mail
 p - a +0 chain mail (worn)
Jewellery
 D - an uncursed amulet of the acrobat {unknown}
Wands
 o - a wand of random effects (16)
Scrolls
 h - 2 scrolls of amnesia {unknown}
 k - 4 scrolls of teleportation
 m - a scroll of random uselessness
 r - 4 scrolls of enchant armour
 w - 2 scrolls of fear
 x - 3 scrolls of remove curse
 z - 3 scrolls of identify
 A - 3 scrolls of blinking {unknown}
 B - 2 scrolls of enchant weapon
 C - 2 scrolls of magic mapping {unknown}
Potions
 d - 2 potions of might
 e - a potion of cancellation
 g - 2 potions of curing
 i - 3 potions of brilliance
 l - 4 potions of heal wounds
 n - a potion of flight
 q - 3 potions of degeneration
 s - a potion of berserk rage {unknown}
 u - 2 potions of mutation {unknown}
 v - a potion of lignification
 E - a potion of invisibility {unknown}
Comestibles
 f - 14 rations


   Skills:
 + Level 7.3 Fighting
 * Level 12.4(13.3) Axes
 - Level 8.2(11.3) Maces & Flails
 - Level 3.6 Armour
 - Level 3.6 Shields


You had 8 spell levels left.
You didn't know any spells.
Your spell library contained the following spells:

 Spells                   Type           Power        Failure   Level  Hunger
 Confusing Touch          Hex            #.....       100%        1    ##.....
 Confuse                  Hex            #.......     100%        3    ####...
 Gell's Gravitas          Tloc           #.........   100%        3    ####...
 Petrify                  Tmut/Erth      #.......     100%        4    #####..
 Metabolic Englaciation   Hex/Ice        #.........   100%        5    ######.
 Yara's Violent Unravell  Hex/Tmut       #.........   100%        5    ######.


Dungeon Overview and Level Annotations

Branches:
Dungeon (8/15)             Temple (1/1) D:4            Lair (0/6) D:8

Altars:
Ashenzari
Cheibriados
Dithmenos
Elyvilon
Fedhas
Gozag
Hepliaklqana
Kikubaaqudgha
Makhleb
Nemelex Xobeh
Okawaru
Qazlal
Ru
Sif Muna
Trog
Uskayaw
Vehumet
Wu Jian
Yredelemnul
Zin
The Shining One

Shops:
D:5 =

Annotations:
D:6 1 runed translucent door, Bitard's ghost, novice MiFi


Innate Abilities, Weirdness & Mutations

You reflexively headbutt those who attack you in melee.
You have a pair of horns on your head.


Message History

Your surroundings suddenly seem different.
The centaur shoots an arrow.
The arrow barely misses you.
You see here an arrow.
The quokka bites you.
* * * LOW HITPOINT WARNING * * *
The centaur shoots an arrow.
The arrow barely misses you.
The centaur shoots an arrow.
You block the arrow.
You see here 2 arrows.
The howler monkey hits you but does no damage.
The centaur shoots an arrow.
The arrow hits you.
* * * LOW HITPOINT WARNING * * *
A crimson imp comes into view.
The howler monkey hits you but does no damage.
You see here an arrow.
The crimson imp shouts!
The centaur shoots an arrow.
The arrow hits you!
* * * LOW HITPOINT WARNING * * *
You block the scorpion's attack.
The centaur shoots an arrow.
The arrow hits you.
You die...

####
###...#####
#...c..@h(#
.._....s#.#
....$..hr(#
....8..(..#
..........#
#....._...#
#...5...#.#
###...###.#
#... #..


You could see a centaur, a scorpion, 2 howler monkeys, a crimson imp and a
quokka.

Vanquished Creatures
  Harold (D:7)
  A hippogriff (D:6)
  Eustachio (D:5)
  The ghost of H0rd4k the Charlatan, an amateur HuAr (D:3)
  3 orc warriors (D:6)
  3 sky beasts
  3 ogres
  3 bullfrogs (D:6)
  2 scorpions (D:5)
  2 electric eels (D:6)
  3 crimson imps
  A centaur zombie (D:7)
  2 hounds
  4 orc priests
  4 orc wizards
  Jessica (D:2)
  Natasha (twice) (D:3)
  An iguana (D:6)
  2 worker ants (D:5)
  Robin (D:2)
  4 gnolls
  11 adders
  A shadow imp (D:5)
  2 oozes
  An adder skeleton (D:6)
  7 worms
  2 dart slugs
  7 leopard geckos
  33 orcs
  2 ball pythons (D:1)
  7 giant cockroaches
  15 goblins
  6 hobgoblins
  3 jackals (D:5)
  9 kobolds
  9 quokkas
  6 bats
  11 frilled lizards
  A jackal skeleton (D:5)
  A jackal zombie (D:6)
  A leopard gecko zombie (D:6)
  A quokka skeleton (D:7)
  6 rats
  3 plants (D:6)
190 creatures vanquished.

Vanquished Creatures (others)
  A quokka (D:2)
  2 plants (D:6)
  2 withered plants (D:6)
5 creatures vanquished.

Grand Total: 195 creatures vanquished

Notes
Turn   | Place    | Note
-------+----------+-------------------------------------------
     0 | D:1      | Nygeryga the Minotaur Fighter began the quest for the Orb.
     0 | D:1      | Reached XP level 1. HP: 19/19 MP: 0/0
   195 | D:1      | Reached XP level 2. HP: 18/27 MP: 1/1
   731 | D:1      | Reached XP level 3. HP: 34/34 MP: 2/2
  1546 | D:2      | Noticed Robin
  1552 | D:2      | Killed Robin
  1552 | D:2      | Reached XP level 4. HP: 41/41 MP: 3/3
  1648 | D:2      | Found a white marble altar of Elyvilon.
  1748 | D:2      | Reached skill level 5 in Maces & Flails
  1892 | D:2      | Noticed Jessica
  1913 | D:2      | Killed Jessica
  1913 | D:2      | Reached XP level 5. HP: 24/47 MP: 4/4
  3051 | D:3      | Reached skill level 5 in Fighting
  3059 | D:3      | Noticed Natasha
  3060 | D:3      | Reached skill level 1 in Axes
  3060 | D:3      | Reached XP level 6. HP: 56/56 MP: 5/5
  3066 | D:3      | Killed Natasha
  3218 | D:3      | Found a large runed translucent door.
  3219 | D:3      | Found a large runed translucent door.
  3219 | D:3      | Noticed H0rd4k's ghost (amateur HuAr)
  3334 | D:3      | Found a faded altar of an unknown god.
  3334 | D:3      | Found an iron altar of Okawaru.
  3339 | D:3      | Found a hide-covered altar of Uskayaw.
  3341 | D:3      | Found a faded altar of an unknown god.
  3342 | D:3      | Found an ornate altar of the Wu Jian Council.
  3595 | D:3      | Killed H0rd4k's ghost
  3595 | D:3      | Reached skill level 2 in Axes
  3639 | D:3      | Noticed Natasha
  3644 | D:3      | Killed Natasha
  3729 | D:4      | Reached XP level 7. HP: 56/61 MP: 6/6
  3955 | D:4      | Reached skill level 3 in Axes
  3987 | D:4      | Found a staircase to the Ecumenical Temple.
  4597 | Temple   | Entered the Ecumenical Temple
  4710 | D:3      | Became a worshipper of Warmaster Okawaru
  4759 | D:5      | Entered Level 5 of the Dungeon
  4800 | D:5      | Reached skill level 4 in Axes
  4879 | D:5      | Reached skill level 5 in Axes
  5043 | D:5      | Found Rut Icha's Jewellery Boutique.
  5078 | D:5      | Reached skill level 6 in Axes
  5078 | D:5      | Reached XP level 8. HP: 41/70 MP: 7/7
  5279 | D:5      | Noticed Eustachio
  5286 | D:5      | Killed Eustachio
  5286 | D:5      | Reached * piety under Okawaru
  5368 | D:5      | Found a snail-covered altar of Cheibriados.
  5427 | D:5      | Reached skill level 7 in Axes
  5739 | D:6      | Noticed a hippogriff
  5749 | D:6      | Killed a hippogriff
  5749 | D:6      | Reached skill level 8 in Axes
  6247 | D:6      | Reached skill level 9 in Axes
  6593 | D:6      | Reached ** piety under Okawaru
  6865 | D:6      | Reached skill level 10 in Axes
  6865 | D:6      | Reached XP level 9. HP: 78/78 MP: 8/8
  6923 | D:6      | Found a runed translucent door.
  6933 | D:6      | Noticed Bitard's ghost (novice MiFi)
  7957 | D:7      | Noticed Harold
  7963 | D:7      | Reached skill level 11 in Axes
  7977 | D:7      | Killed Harold
  7977 | D:7      | Reached *** piety under Okawaru
  7977 | D:7      | Reached skill level 12 in Axes
  8392 | D:7      | Found a basalt altar of Yredelemnul.
  8808 | D:8      | Noticed an elephant
  8809 | D:8      | Found a staircase to the Lair.
  8820 | D:8      | Found an opulent altar of Gozag.
  8820 | D:8      | Found a radiant altar of Vehumet.
  8828 | D:8      | HP: 1/79 [centaur/arrow (10)]
  8828 | D:8      | Shot with an arrow by a centaur

Skill      XL: |  1  2  3  4  5  6  7  8  9 |
---------------+----------------------------+-----
Fighting       | 4 5 6 7 |  7.3
Maces & Flails | 3 4 5 6 7 8 |  8.2
Axes           | 1 2 6 10 12 | 12.4
Armour         | |  3.6
Shields        | |  3.6

Action                   |  1- 3 |  4- 6 |  7- 9 || total
-------------------------+-------+-------+-------++-------
Melee: Flail             |   134 |    70 |       ||   204
       Headbutt          |    12 |    18 |    40 ||    70
       War axe           |       |    64 |   247 ||   311
  Use: Scroll            |       |    14 |     2 ||    16
  Eat: Ration            |     1 |       |     2 ||     3
       Chunk             |       |     5 |    11 ||    16
Armor: Scale mail        |    49 |     2 |       ||    51
       Chain mail        |       |    49 |   102 ||   151
Dodge: Dodged            |    35 |    18 |    39 ||    92
Block: Shield            |    66 |    64 |   101 ||   231
